 Dungeon Crawl Stone Soup version 0.25-a0-576-g50b708a4c4 (webtiles) character file.

Game seed: 1841723716506889617, levelgen mode: deterministic

88378 Conn the Sharpshooter (level 15, -14/114 HPs)
             Began as a Deep Elf Wizard on Feb 29, 2020.
             Was a High Priest of Sif Muna.
             Demolished by a shambling mangrove (16 damage)
             ... on level 2 of the Swamp on Mar 1, 2020.
             The game lasted 03:54:49 (34879 turns).

Conn the Sharpshooter (Deep Elf Wizard)            Turns: 34879, Time: 03:54:50

Health: -14/114    AC: 31    Str:  7    XL:     15   Next: 46%
Magic:  9/44       EV: -1    Int: 30    God:    Sif Muna [*****.]
Gold:   1246       SH:  0    Dex: 24    Spells: 5/42 levels left

rFire    + . .     SeeInvis +   a - +3 dagger of the Unkillable {vorpal, rF+ rC+ Int+3}
rCold    + . .     Gourm    .   (no shield)
rNeg     + + +     Faith    .   (armour currently unavailable)
rPois    +         Spirit   .   (helmet currently unavailable)
rElec    .         Reflect  .   (cloak currently unavailable)
rCorr    .         Harm     .   (gloves currently unavailable)
MR       +....     NoTele   +   (boots currently unavailable)
Stlth    +++++.....             J - amulet "Tudinusm" {Inacc *Drain Dex+9 SInv}
HPRegen  0.29/turn              L - +4 ring of protection
MPRegen  0.29/turn              X - ring "Naeneide" {rPois MP+9 Slay+3}

@: tree-form, grasped by roots, constricted, studying Long Blades
A: agile 1, MP-powered wands
a: Channel Magic, Forget Spell, Divine Exegesis, Renounce Religion


You were on level 2 of the Swamp.
You worshipped Sif Muna.
Sif Muna was extremely pleased with you.
You were not hungry.
You were a tree.
You visited 5 branches of the dungeon, and saw 21 of its levels.
You also visited: Ossuary and Bailey.

You collected 2194 gold pieces.
You spent 948 gold pieces at shops.

Inventory:

Hand Weapons
 a - the +3 dagger of the Unkillable (weapon) {vorpal, rF+ rC+ Int+3}
   (You found it on level 4 of the Lair of Beasts)

   It inflicts extra damage upon your enemies.
   It affects your intelligence (+3).
   It protects you from fire.
   It protects you from cold.
 b - the +8 arbalest of the Owl {speed, Str+4 Stlth+}
   (You found it on level 3 of the Lair of Beasts)

   Attacks with this weapon are significantly faster.
   It affects your strength (+4).
   It makes you more stealthy.
 c - the +8 longbow of Yesterday {speed, rPois Dex+2}
   (You found it on level 5 of the Lair of Beasts)

   Attacks with this weapon are significantly faster.
   It affects your dexterity (+2).
   It protects you from poison.
 h - the +8 morningstar of Brutal Revenge {speed, rPois rF+ Int+4}
   (You took it off a goblin in a bailey)

   Attacks with this weapon are significantly faster.
   It affects your intelligence (+4).
   It protects you from fire.
   It protects you from poison.
 I - the cursed +2 trident of Niucvem {vorpal, rC+ MR+++ Str-5 Int+3}
   (You bought it in a shop on level 2 of the Orcish Mines)

   It inflicts extra damage upon your enemies.
   It affects your strength (-5).
   It affects your intelligence (+3).
   It protects you from cold.
   It affects your resistance to hostile enchantments.
   It has a curse placed upon it.
 Q - the +6 hand crossbow "Jelly's Funeral" {freeze, +Fly Int+6 Dex-3 Stlth+}
   (You found it on level 6 of the Lair of Beasts)

   It causes projectiles fired from it to freeze those they strike, causing
   extra injury to most foes and up to half again as much damage against
   particularly susceptible opponents.
   They can also slow down cold-blooded creatures.
   It affects your intelligence (+6).
   It affects your dexterity (-3).
   It lets you fly.
   It makes you more stealthy.
Missiles
 e - 175 bolts
 t - 196 arrows
 W - 8 javelins (quivered)
Armour
 y - a scarf of repulsion (melded)
 G - +3 steam dragon scales (melded)
 H - a +2 pair of gloves (melded)
 P - the +0 helmet "Kedauh" (melded) {Str+2}
   (You found it on level 3 of the Lair of Beasts)

   It affects your strength (+2).
   If you remove this armour, your AC will remain unchanged.
 R - the +0 pair of gloves of Ucasmaif {-Cast Int+3 Dex+5}
   (You found it on level 3 of the Lair of Beasts)

   It affects your intelligence (+3).
   It affects your dexterity (+5).
   It prevents spellcasting.
   If you switch to wearing this armour, your AC will increase by 1 (31 -> 32).
 T - a scarf of cloud immunity
Magical Staves
 A - an uncursed staff of wizardry
 N - an uncursed staff of poison
Jewellery
 p - an uncursed ring of wizardry
 u - an uncursed ring of see invisible
 B - a +3 ring of protection
 F - an uncursed ring of resist corrosion
 J - the amulet "Tudinusm" (around neck) {Inacc *Drain Dex+9 SInv}
   (You found it on level 1 of the Swamp)

   [amulet of inaccuracy]

   It reduces the accuracy of all your attacks.
   It affects your dexterity (+9).
   It lets you see invisible.
   It causes draining when unequipped.
 L - a +4 ring of protection (left branch)
 X - the ring "Naeneide" (right branch) {rPois MP+9 Slay+3}
   (You acquired it in a bailey)

   [ring of magical power]

   It affects your accuracy and damage with ranged weapons and melee attacks
   (+3).
   It protects you from poison.
   It affects your magic capacity (+9).
 Y - an uncursed amulet of magic regeneration
Wands
 g - a wand of disintegration (16)
 D - a wand of clouds (2)
 K - a wand of paralysis (14)
Scrolls
 i - 3 scrolls of teleportation
 j - 5 scrolls of fear
 l - 2 scrolls of immolation
 m - a scroll of blinking
 n - 2 scrolls of remove curse
 q - 2 scrolls of amnesia
 v - 3 scrolls of magic mapping
 w - 8 scrolls of identify
 E - a scroll of fog
 Z - 3 scrolls of enchant weapon
Potions
 k - 3 potions of might
 o - a potion of curing
 r - 4 potions of haste
 s - a potion of brilliance
 z - 3 potions of stabbing
 C - 2 potions of lignification
 U - a potion of invisibility
 V - 3 potions of flight
Books
 x - a manual of Long Blades
Comestibles
 d - 37 rations


   Skills:
 - Level 2.4 Fighting
 - Level 5.0 Short Blades
 - Level 0.2 Maces & Flails
 - Level 5.0 Bows
 + Level 15.4 Crossbows
 - Level 0.8 Throwing
 - Level 6.2 Dodging
 - Level 8.8 Stealth
 - Level 14.3 Spellcasting
 - Level 11.4 Conjurations
 - Level 3.1 Charms
 - Level 3.5 Summonings
 - Level 4.2 Translocations
 - Level 1.1 Transmutations
 - Level 1.7 Fire Magic
 - Level 2.2 Air Magic
 - Level 8.3 Earth Magic
 - Level 3.4 Poison Magic
 - Level 5.5 Invocations
 - Level 0.6 Evocations


You had 5 spell levels left.
You knew the following spells:

 Your Spells              Type           Power        Failure   Level  Hunger
a - Magic Dart            Conj           ####         1%          1    None
b - Blink                 Tloc           N/A          1%          2    None
c - Spellforged Servitor  Conj/Summ      ######....   65%         7    #####..
e - Mephitic Cloud        Conj/Pois/Air  ######..     1%          3    None
f - Passwall              Tmut/Erth      #####...     1%          2    None
g - Stone Arrow           Conj/Erth      ######       1%          3    None
h - Petrify               Tmut/Erth      #####...     3%          4    None
i - Lee's Rapid Deconstr  Erth           ######....   1%          5    None
j - Bolt of Magma         Conj/Fire/Erth ######....   3%          5    None
k - Iskenderun's Battles  Conj/Chrm      ######..     3%          5    None

Your spell library contained the following spells:

 Spells                   Type           Power        Failure   Level  Hunger
 Apportation              Tloc           #####.       1%          1    None
 Foxfire                  Conj/Fire      ####         1%          1    None
 Sandblast                Erth           ######       1%          1    None
 Shock                    Conj/Air       ####         1%          1    None
 Sting                    Tmut/Pois      ####         1%          1    None
 Summon Small Mammal      Summ           ####         1%          1    None
 Call Imp                 Summ           #####...     1%          2    None
 Searing Ray              Conj           ######       1%          2    None
 Swiftness                Chrm/Air       #####...     1%          2    None
 Call Canine Familiar     Summ           #####...     1%          3    None
 Conjure Flame            Conj/Fire      ######..     1%          3    None
 Dazzling Flash           Conj/Hex       ######       1%          3    None
 Gell's Gravitas          Tloc           #####.....   1%          3    None
 Lesser Beckoning         Tloc           #####.....   1%          3    None
 Recall                   Summ/Tloc      N/A          1%          3    None
 Static Discharge         Conj/Air       ######..     1%          3    None
 Iskenderun's Mystic Bla  Conj/Tloc      ######..     1%          4    None
 Animate Skeleton         Necr           N/A          2%          1    None
 Corona                   Hex            ###....      2%          1    None
 Corpse Rot               Necr/Air       N/A          2%          2    None
 Fulminant Prism          Conj/Hex       ######....   2%          4    None
 Slow                     Hex            ###.....     3%          2    None
 Lightning Bolt           Conj/Air       ######....   3%          5    None
 Confusing Touch          Hex            ###.....     7%          3    None
 Vampiric Draining        Necr           ###.......   7%          3    None
 Airstrike                Air            ####......   9%          4    None
 Cause Fear               Hex            ###.......   22%         4    None
 Yara's Violent Unravell  Hex/Tmut       ###.......   45%         5    None
 Metabolic Englaciation   Hex/Ice        ###.......   54%         5    None
 Iron Shot                Conj/Erth      ######....   6%          6    ###....
 Orb of Destruction       Conj           ######....   17%         7    #####..
 Dispersal                Tloc           #####.....   52%         6    ###....
 Shadow Creatures         Summ           N/A          63%         6    ###....
 Malign Gateway           Summ/Tloc      #####.....   98%         7    #####..
 Summon Hydra             Summ           #####.....   99%         7    #####..
 Dragon Form              Tmut           ####......   100%        7    #####..
 Borgnjor's Revivificati  Necr           ###.......   100%        8    ######.
 Dragon's Call            Summ           #####.....   100%        9    #######


Dungeon Overview and Level Annotations

Branches:
Dungeon (10/15)            Temple (1/1) D:4            Lair (6/6) D:10
  Swamp (2/4) Lair:3       Spider (0/4) Lair:4        Slime (0/5) Lair:5
    Orc (2/2) D:9             Elf (0/3) Orc:2       Ossuary (visited)
 Bailey (visited)

Altars:
Ashenzari
Cheibriados
Dithmenos
Elyvilon
Fedhas
Gozag
Hepliaklqana
Kikubaaqudgha
Nemelex Xobeh
Okawaru
Qazlal
Ru
Sif Muna
Trog
Uskayaw
Vehumet
Xom
Yredelemnul
Zin
The Shining One
Beogh

Shops:
D:8 :   Orc:2 (}(}


Innate Abilities, Weirdness & Mutations

You are agile. (Dex +2)
You expend magic power (3 MP) to strengthen your wands.


Message History

As you read the scroll of summoning, it crumbles to dust.
Wisps of shadow whirl around you... The tyrant leech bites you!
* * * LOW HITPOINT WARNING * * *
The tyrant leech draws strength from your injuries!
The shambling mangrove closely misses you.
* * * LOW HITPOINT WARNING * * *
The grasping roots constrict you!
Really quaff the potion of lignification?
You turn into a tree.
Your scarf of repulsion melds into your body.
The +0 helmet "Kedauh" {Str+2} melds into your body.
Your +2 pair of gloves melds into your body.
Your +3 steam dragon scales melds into your body.
The haze of the repulsion field disappears.
Your roots penetrate the ground.
Your vampire mosquito bites the shambling mangrove but does no damage.
The tyrant leech bites you!
* * * LOW HITPOINT WARNING * * *
The shambling mangrove hits your vampire mosquito.
You die...

≈...≈≈♣♣ .♣♣♣♣...≈
..%≈≈..♣♣♣ ♣≈.....≈.
♣≈≈≈≈..≈♣♣ ≈.≈§.≈≈.
♣≈≈≈≈...≈♣ ♣≈≈.>...
♣≈...?≈≈[♣ ♣...≈≈≈≈
♣....≈≈≈♣ ♣.≈≈≈≈.
♣♣≈y≈≈≈≈♣ ♣≈..≈≈
♣♣≈♣w≈..§♣♣♣ ♣♣.≈≈≈
♣♣♣.≈yf○☼○♣♣.♣♣♣♣†§n≈≈
♣≈.≈ny..§○☼.≈♣♣≈≈†<...
♣.≈≈≈≈≈.§☼○..†..≈..≈.≈
♣.≈≈≈≈...§§..≈≈.....≈♣
♣♣♣≈≈≈≈..☼§.≈≈≈.≈♣♣♣♣♣
♣♣.≈..≈...≈≈≈♣♣♣
♣§..≈≈≈≈...≈≈♣♣♣♣.
♣♣.≈..≈≈...♣♣♣≈.§≈ ♣


You could see a shambling mangrove, a tyrant leech, a friendly bog body and 3
friendly vampire mosquitoes.

Vanquished Creatures
  Nikola (Swamp:1)
  Kirke (Lair:6)
  The ghost of Tynwoimn the Impaler, a journeyman MiMo of Cheibriados (Orc:1)
  The ghost of blobbo the Nimble, a journeyman GnAM of Yredelemnul (Lair:1)
  The ghost of Onkana the Zephyrmancer, a journeyman DrAE of Vehumet (Lair:3)
  Erolcha (D:9)
  6 hydras
  2 catoblepae (Lair:6)
  A ghost crab (Swamp:2)
  2 shambling mangroves (Swamp:1)
  2 ogre magi (Orc:2)
  8 two-headed ogres (Orc:2)
  3 alligators
  9 death yaks
  A spectral death yak (Lair:1)
  2 deep trolls (Orc:2)
  A spectral catoblepas (Lair:1)
  2 orc knights
  A necromancer (Lair:6)
  2 manticores (Lair:6)
  An orb spider (Lair:4)
  An orc sorcerer (Orc:2)
  2 cyclopes (Orc:2)
  2 moths of wrath (Lair:3)
  6 elephants (Lair:4)
  8 black mambas
  2 gargoyles
  An ice statue (D:10)
  3 rime drakes
  Maggie (D:6)
  18 spiny frogs
  11 komodo dragons
  A yaktaur (D:10)
  2 kobold demonologists (Bailey)
  9 trolls
  5 hornets
  4 polar bears
  25 blink frogs
  5 tyrant leeches
  5 bog bodies
  3 slime creatures (Swamp:2)
  6 hippogriffs
  13 dream sheep
  3 spriggans
  A wyvern (D:10)
  A wraith (D:10)
  37 yaks
  2 basilisks
  A hog (Lair:6)
  Eustachio (D:4)
  9 vampire mosquitoes (Swamp:1)
  8 insubstantial wisps
  2 swamp worms
  Edmund (D:4)
  3 soldier ants
  2 wargs (Orc:1)
  13 water moccasins
  A hydra simulacrum (Lair:1)
  9 porcupines
  10 ice beasts
  25 orc warriors
  2 swamp drakes
  A sky beast (D:6)
  2 phantoms
  A black mamba simulacrum (Lair:1)
  A black bear (D:7)
  31 ogres
  A centaur (D:7)
  A necrophage (D:7)
  10 crocodiles
  42 wolves
  2 big kobolds
  An elf zombie (Ossuary)
  A gnoll sergeant (Orc:1)
  18 bullfrogs
  A spiny frog simulacrum (Lair:1)
  3 scorpions
  2 water moccasin zombies
  A dream sheep simulacrum (Lair:1)
  11 electric eels
  2 wights (D:10)
  5 crimson imps
  7 jellies
  2 quasits (D:8)
  9 orc wizards
  5 hounds
  9 orc priests
  2 bullfrog skeletons
  4 iguanas
  Ijyb (D:4)
  9 worker ants
  2 yak simulacra (Lair:6)
  4 polar bear simulacra (Lair:6)
  3 big kobold zombies (Ossuary)
  4 wolf simulacra (Lair:6)
  A hound zombie (Ossuary)
  4 mummies (Ossuary)
  12 gnolls
  16 adders
  3 shadow imps
  3 oozes
  2 adder skeletons (D:5)
  7 worms
  4 dart slugs
  5 leopard geckos
  87 orcs
  12 bats
  4 giant cockroaches
  11 hobgoblins
  11 jackals
  14 kobolds
  8 quokkas
  A ball python (D:2)
  5 frilled lizards
  2 gnoll zombies (Ossuary)
  13 goblins
  3 hobgoblin zombies (Ossuary)
  A jackal skeleton (D:4)
  A jackal zombie (D:8)
  A kobold zombie (Ossuary)
  A leopard gecko zombie (D:8)
  A quokka skeleton (D:4)
  7 rats
  A rat zombie (Ossuary)
  A river rat simulacrum (Lair:6)
753 creatures vanquished.

Vanquished Creatures (collateral kills)
  A catoblepas (Lair:6)
  A gargoyle (D:7)
  A hog (Lair:6)
  An orc wizard (D:9)
  3 kobolds (D:7)
7 creatures vanquished.

Vanquished Creatures (others)
  A hornet (D:8)
  A human (Lair:6)
  An adder (D:9)
  A kobold (D:7)
  6 fungi
  10 plants
20 creatures vanquished.

Grand Total: 780 creatures vanquished

Notes
Turn   | Place    | Note
-------+----------+-------------------------------------------
     0 | D:1      | Conn the Deep Elf Wizard began the quest for the Orb.
     0 | D:1      | Reached XP level 1. HP: 10/10 MP: 7/7
   492 | D:1      | Reached skill level 5 in Spellcasting
   492 | D:1      | Reached XP level 2. HP: 15/15 MP: 1/10
  1284 | D:2      | Reached XP level 3. HP: 19/19 MP: 8/11
  1482 | D:2      | Learned a level 2 spell: Blink
  1485 | D:2      | Learned a level 2 spell: Call Imp
  1489 | D:2      | Learned a level 3 spell: Conjure Flame
  1493 | D:2      | Learned a level 3 spell: Mephitic Cloud
  1496 | D:2      | Learned a level 2 spell: Slow
  2006 | D:2      | Reached XP level 4. HP: 24/24 MP: 7/14
  2258 | D:2      | Found a shimmering altar of Xom.
  2932 | D:3      | Reached XP level 5. HP: 26/28 MP: 11/16
  2937 | D:3      | Found an opulent altar of Gozag.
  3315 | D:3      | Found a bloodstained altar of Trog.
  3722 | D:4      | Noticed Ijyb
  3737 | D:4      | Killed Ijyb
  3737 | D:4      | Reached XP level 6. HP: 31/32 MP: 11/18
  3851 | D:4      | Noticed Eustachio
  3887 | D:4      | Killed Eustachio
  3970 | D:4      | Noticed Edmund
  4026 | D:4      | Killed Edmund
  4291 | D:4      | Reached XP level 7. HP: 26/37 MP: 0/20
  4347 | D:4      | Reached skill level 5 in Conjurations
  4685 | D:4      | Found a staircase to the Ecumenical Temple.
  4692 | Temple   | Entered the Ecumenical Temple
  4746 | Temple   | Became a worshipper of Sif Muna the Loreminder
  5051 | D:5      | Entered Level 5 of the Dungeon
  5567 | D:5      | Found a blossoming altar of Fedhas.
  5648 | D:5      | Reached skill level 1 in Short Blades
  5648 | D:5      | Reached XP level 8. HP: 42/42 MP: 14/23
  5808 | D:5      | Found a glowing silver altar of Zin.
  6093 | D:5      | Reached skill level 1 in Air Magic
  6093 | D:5      | Reached skill level 1 in Invocations
  6323 | D:5      | Reached * piety under Sif Muna
  6698 | D:6      | Reached skill level 10 in Spellcasting
  6698 | D:6      | Reached skill level 1 in Fire Magic
  7186 | D:6      | Learned a level 3 spell: Stone Arrow
  7191 | D:6      | Learned a level 4 spell: Petrify
  7660 | D:5      | Learned a level 5 spell: Lee's Rapid Deconstruction
  7853 | D:6      | Reached skill level 1 in Earth Magic
  7912 | D:6      | Noticed Maggie
  7941 | D:6      | Killed Maggie
  7941 | D:6      | Reached skill level 1 in Poison Magic
  7941 | D:6      | Reached XP level 9. HP: 24/46 MP: 1/26
  8967 | D:6      | Learned a level 2 spell: Passwall
  8969 | D:6      | Learned a level 1 spell: Sandblast
  8978 | D:7      | Found a stormy altar of Qazlal.
  9058 | D:7      | Reached skill level 1 in Fighting
  9393 | D:7      | Noticed a gargoyle
  9393 | D:7      | Noticed a gargoyle
  9412 | D:7      | Noticed a gargoyle
  9623 | D:7      | Killed a gargoyle
  9705 | D:7      | Killed a gargoyle
  9979 | D:7      | Found a shattered altar of Ashenzari.
 10253 | D:8      | Found Circh's Book Boutique.
 10278 | D:8      | Reached skill level 1 in Bows
 10296 | D:8      | Reached ** piety under Sif Muna
 10813 | D:8      | Found a sand-covered staircase.
 10820 | Ossuary  | Entered an ossuary
 11527 | D:8      | Reached XP level 10. HP: 45/52 MP: 13/27
 13359 | D:9      | Noticed Erolcha
 13755 | D:9      | Killed Erolcha
 13755 | D:9      | Reached skill level 5 in Invocations
 14241 | D:9      | Reached skill level 5 in Earth Magic
 14708 | D:9      | Reached skill level 5 in Bows
 14756 | D:9      | Reached *** piety under Sif Muna
 15322 | D:9      | Found a staircase to the Orcish Mines.
 15522 | D:8      | Bought a book of Power for 450 gold pieces
 15528 | D:8      | Learned a level 5 spell: Iskenderun's Battlesphere
 15597 | D:9      | Found a sparkling altar of Nemelex Xobeh.
 15985 | D:10     | Entered Level 10 of the Dungeon
 16062 | D:10     | Identified a scroll of acquirement
 16062 | D:10     | Identified Conn's Collected Works on Warped Clay (You
                  | acquired it on level 10 of the Dungeon)
 16120 | D:10     | Reached XP level 11. HP: 56/56 MP: 13/29
 16244 | D:10     | Reached skill level 5 in Stealth
 16751 | D:10     | Reached skill level 5 in Dodging
 17536 | D:10     | Learned a level 5 spell: Bolt of Magma
 17605 | D:10     | Found a staircase to the Lair.
 17613 | Lair:1   | Entered Level 1 of the Lair of Beasts
 17614 | Lair:1   | Found a runed translucent gate.
 17614 | Lair:1   | Found a runed translucent gate.
 17614 | Lair:1   | Found a runed translucent gate.
 17614 | Lair:1   | Noticed blobbo's ghost (journeyman GnAM)
 17898 | Lair:1   | Reached **** piety under Sif Muna
 18749 | Lair:1   | Noticed a five-headed hydra
 18791 | Lair:1   | Killed a five-headed hydra
 19045 | Lair:1   | Reached XP level 12. HP: 62/62 MP: 29/31
 19456 | Lair:2   | Found an iron altar of Okawaru.
 19704 | Lair:2   | Reached skill level 10 in Conjurations
 20016 | Lair:2   | Reached skill level 1 in Charms
 20074 | Lair:2   | Reached skill level 1 in Transmutations
 20076 | Lair:2   | Reached ***** piety under Sif Muna
 20089 | Lair:2   | Received a gift from Sif Muna
 20559 | Lair:2   | Learned a level 7 spell: Spellforged Servitor
 21939 | Lair:3   | Found a staircase to the Swamp.
 21944 | Lair:3   | Reached skill level 5 in Short Blades
 21944 | Lair:3   | Reached XP level 13. HP: 68/68 MP: 21/33
 21946 | Lair:3   | Found a transporter.
 21949 | Lair:3   | Noticed Onkana's ghost (journeyman DrAE)
 21982 | Lair:3   | Found a transporter.
 22075 | Lair:3   | Got a faintly humming helmet
 22086 | Lair:3   | Identified the +0 helmet "Kedauh" {Str+2} (You found it on
                  | level 3 of the Lair of Beasts)
 22176 | Lair:3   | Got a brightly glowing arbalest
 22177 | Lair:3   | Identified the +8 arbalest of the Owl {speed, Str+4 Stlth+}
                  | (You found it on level 3 of the Lair of Beasts)
 22448 | Lair:3   | Reached skill level 1 in Crossbows
 22459 | Lair:3   | Reached skill level 2 in Crossbows
 22778 | Lair:3   | Killed Onkana's ghost
 22780 | Lair:3   | Reached skill level 3 in Crossbows
 22913 | Lair:3   | Got a pair of faintly glowing gloves
 22924 | Lair:3   | Identified the +0 pair of gloves of Ucasmaif {-Cast Int+3
                  | Dex+5} (You found it on level 3 of the Lair of Beasts)
 23132 | Lair:4   | Reached skill level 4 in Crossbows
 23538 | Lair:4   | Reached skill level 5 in Crossbows
 23668 | Lair:4   | Got a fine dagger
 23669 | Lair:4   | Identified the +3 dagger of the Unkillable {vorpal, rF+ rC+
                  | Int+3} (You found it on level 4 of the Lair of Beasts)
 23801 | Lair:4   | Found a hole to the Spider Nest.
 24030 | Lair:4   | Reached skill level 6 in Crossbows
 24500 | Lair:5   | Reached skill level 7 in Crossbows
 24678 | Lair:5   | Found a staircase to the Slime Pits.
 24892 | Lair:5   | Got an encrusted longbow
 24987 | Lair:5   | Identified the +8 longbow of Yesterday {speed, rPois Dex+2}
                  | (You found it on level 5 of the Lair of Beasts)
 25287 | Lair:5   | Reached skill level 8 in Crossbows
 25607 | Lair:6   | Entered Level 6 of the Lair of Beasts
 25674 | Lair:6   | Reached skill level 9 in Crossbows
 25934 | Lair:6   | Identified Sif Muna's Incunabulum of Transformation and
                  | Sinister Magic (Sif Muna gifted it to you on level 6 of the
                  | Lair of Beasts)
 25934 | Lair:6   | Received a gift from Sif Muna
 26272 | Lair:6   | Reached skill level 10 in Crossbows
 26293 | Lair:6   | Reached XP level 14. HP: 66/72 MP: 20/34
 26520 | Lair:6   | Noticed Kirke
 26526 | Lair:6   | Killed Kirke
 26868 | Lair:6   | Reached skill level 11 in Crossbows
 27171 | Lair:6   | Upgraded the game from 0.25-a0-571-gb5e01bddfa to
                  | 0.25-a0-576-g50b708a4c4
 27347 | Lair:6   | Gained mutation: You expend magic power (3 MP) to
                  | strengthen your wands. [potion of mutation]
 27347 | Lair:6   | Gained mutation: You are agile. (Dex +2) [potion of
                  | mutation]
 27425 | Lair:6   | Got a shimmering hand crossbow
 27426 | Lair:6   | Identified the +6 hand crossbow "Jelly's Funeral" {freeze,
                  | +Fly Int+6 Dex-3 Stlth+} (You found it on level 6 of the
                  | Lair of Beasts)
 27989 | Lair:1   | Killed blobbo's ghost
 27989 | Lair:1   | Reached skill level 12 in Crossbows
 28431 | Orc:1    | Entered Level 1 of the Orcish Mines
 28537 | Orc:1    | Received a gift from Sif Muna
 28676 | Orc:1    | Found a transporter.
 28679 | Orc:1    | Found a transporter.
 28688 | Orc:1    | Noticed Tynwoimn's ghost (journeyman MiMo)
 28944 | Orc:1    | Found a flagged portal.
 28954 | Bailey   | Entered a bailey
 29029 | Bailey   | Found an iron altar of Okawaru.
 29225 | Bailey   | Identified the +8 morningstar of Brutal Revenge {speed,
                  | rPois rF+ Int+4}
 29324 | Bailey   | Identified the ring "Naeneide" {rPois MP+9 Slay+3} (You
                  | acquired it in a bailey)
 30590 | Orc:1    | Killed Tynwoimn's ghost
 30686 | Orc:2    | Entered Level 2 of the Orcish Mines
 30730 | Orc:2    | Found a staircase to the Elven Halls.
 31079 | Orc:2    | Found a roughly hewn altar of Beogh.
 31086 | Orc:2    | Reached skill level 13 in Crossbows
 31230 | Orc:2    | Identified Tismufe's Tome of Creative Dislocation (Sif Muna
                  | gifted it to you on level 2 of the Orcish Mines)
 31230 | Orc:2    | Received a gift from Sif Muna
 31635 | Orc:2    | Reached XP level 15. HP: 54/76 MP: 30/35
 31644 | Orc:2    | Found Lintef's Antique Weapon Shoppe.
 31645 | Orc:2    | Reached skill level 14 in Crossbows
 31964 | Orc:2    | Found Heocs's Weapon Shoppe.
 31974 | Orc:2    | Found Qublimp's Gadget Shop.
 31997 | Orc:2    | Found Anoun's Gadget Emporium.
 32347 | Orc:2    | Bought the cursed +2 trident of Niucvem {vorpal, rC+ MR+++
                  | Str-5 Int+3} for 498 gold pieces
 32844 | Swamp:1  | Entered Level 1 of the Swamp
 32851 | Swamp:1  | Got a clouded jade amulet
 32853 | Swamp:1  | Identified the amulet "Tudinusm" {Inacc *Drain Dex+9 SInv}
                  | (You found it on level 1 of the Swamp)
 33914 | Swamp:1  | Noticed Nikola
 33939 | Swamp:1  | Killed Nikola
 33939 | Swamp:1  | Reached skill level 15 in Crossbows
 34852 | Swamp:2  | Identified Sif Muna's Tome of Orientation (Sif Muna gifted
                  | it to you on level 2 of the Swamp)
 34852 | Swamp:2  | Received a gift from Sif Muna
 34879 | Swamp:2  | HP: 2/114 [tyrant leech (17)]
 34879 | Swamp:2  | Demolished by a shambling mangrove

Levels and vault maps discovered:
D:1:      nzn_arrival_water_spiral, layout_basic
D:2:      layout_basic, tgw_xom, chequers_serial_rivers_room_a,
          minmay_misc_feat_encased
D:3:      layout_basic, marbit_many_paths, old_standard_altar
D:4:      layout_loops_ring, temple_fountains, first_ration, uniq_ijyb,
          uniq_edmund, uniq_eustachio
D:5:      layout_loops_ring, nicolae_overflow_crystal_walls, old_standard_altar
D:6:      layout_layer_cave, abandoned_shop, st_stairs_6, uniq_maggie
D:7:      cheibrodos_statue_roulette, layout_gridville, kennysheep_mini_moat,
          ashenzari_conservatory_becter, grunt_qazlal_clouds
D:8:      layout_loops_ring, serial_shops, shop, nicolae_ossuary_entry_monument,
          hangedman_pestilent_swarm, item_on_display_a
D:9:      minmay_twisted_water, layout_basic, nemelex_altar_shiori, erik_orc_1,
          minmay_strange_pillars, uniq_erolcha
D:10:     layout_roguey, grunt_lair_entry_orc_guard_hut, serial_rivers,
          chequers_serial_rivers_small_a, chequers_serial_rivers_micro_b,
          chequers_serial_rivers_room_a, chequers_serial_rivers_room_a,
          nzn_random_ring
Temple:   dshaligram_water_room_temple
Lair:1:   layout_misc_corridors, gammafunk_ghost_necromancy,
          serial_bayou_shore_b
Lair:2:   layout_big_grid, basic_altar, grunt_forest_large_clearings,
          lemuel_fruit_tree
Lair:3:   layout_chaotic_city, minmay_swamp_entry_wisps,
          gammafunk_ghost_berserking_beasts, infiniplex_staircase_pool_2,
          serial_bayou_shore_a
Lair:4:   layout_cave_pods, nicolae_spider_entry_orb_guardian, serial_rivers,
          chequers_serial_rivers_micro_e, chequers_serial_rivers_marsh,
          chequers_serial_rivers_large_a, chequers_serial_rivers_marsh
Lair:5:   layout_regular_city, nicolae_slime_entry_slimehenge
Lair:6:   evilmike_catoblepas_cave, layout_hall_layers, eino_house_with_fridge,
          uniq_kirke
Swamp:1:  layout_basic_swamp, evilmike_swamp_ruin_house_1, swamp_pool2,
          uniq_nikola
Swamp:2:  layout_basic_swamp, serial_swamp_ruin, hangedman_swamp_ruin_wall,
          evilmike_swamp_ruin_house_5, evilmike_swamp_ruin_rubble_1,
          swamp_pool1, nicolae_swamp_godswood, infiniplex_staircase_pool
Orc:1:    layout_caves, enter_bailey_7, gammafunk_ghost_arena
Orc:2:    st_orc_open, layout_caves, mines2_david

Skill      XL: |  1  2  3  4  5  6  7  8  9 10 11 12 13 14 15 |
---------------+----------------------------------------------+-----
Spellcasting   | 5 6 7 8 9 11 12 13 14 | 14.3
Conjurations   | 2 4 5 6 7 8 9 11 | 11.4
Stealth        | 3 4 7 8 |  8.8
Summonings     | 2 3 |  3.5
Short Blades   | 1 2 3 4 5 |  5.0
Air Magic      | 1 2 |  2.2
Invocations    | 2 4 5 |  5.5
Fire Magic     | 1 |  1.7
Translocations | 2 3 4 |  4.2
Dodging        | 3 4 5 6 |  6.2
Earth Magic    | 2 3 5 7 8 |  8.3
Poison Magic   | 1 2 3 |  3.4
Fighting       | 1 2 |  2.4
Bows           | 3 5 |  5.0
Charms         | 3 |  3.1
Transmutations | 1 |  1.1
Crossbows      | 10 13 15 | 15.4
Maces & Flails | |  0.2
Throwing       | |  0.8
Evocations     | |  0.6

Action                   |  1- 3 |  4- 6 |  7- 9 | 10-12 | 13-15 || total
-------------------------+-------+-------+-------+-------+-------++-------
Melee: Unarmed           |     1 |       |       |       |       ||     1
       Dagger            |     6 |    29 |       |       |   204 ||   239
       Rapier            |       |     6 |   178 |   400 |    36 ||   620
       Dire flail        |       |     5 |     4 |       |       ||     9
       Staff             |       |       |       |     4 |     2 ||     6
 Fire: Shortbow          |       |       |    15 |    20 |       ||    35
       Arbalest          |       |       |       |       |    49 ||    49
       Longbow           |       |       |       |       |     8 ||     8
       Hand crossbow     |       |       |       |       |    19 ||    19
Throw: Javelin           |     3 |     3 |     1 |       |       ||     7
       Throwing net      |       |       |     1 |     2 |       ||     3
       Dart              |       |       |       |     5 |       ||     5
 Cast: Magic Dart        |    84 |   122 |   339 |   473 |   486 ||  1504
       Mephitic Cloud    |       |    10 |    38 |    79 |    63 ||   190
       Call Imp          |       |     5 |     5 |     2 |       ||    12
       Conjure Flame     |       |     2 |    14 |     7 |       ||    23
       Stone Arrow       |       |       |    36 |    29 |   134 ||   199
       Blink             |       |       |    13 |    91 |    92 ||   196
       Passwall          |       |       |     2 |     1 |       ||     3
       Petrify           |       |       |     1 |    17 |     3 ||    21
       Lee's Rapid Decon |       |       |       |    23 |    25 ||    48
       Iskenderun's Batt |       |       |       |    30 |   113 ||   143
       Bolt of Magma     |       |       |       |     8 |    59 ||    67
       Spellforged Servi |       |       |       |       |     1 ||     1
Invok: Channel Magic     |       |       |     3 |     8 |     6 ||    17
Evoke: Wand              |       |     6 |       |    23 |     3 ||    32
       Phial of floods   |       |       |       |     1 |       ||     1
  Use: Scroll            |     5 |       |    11 |    14 |    10 ||    40
       Potion            |       |     4 |     9 |    10 |    10 ||    33
 Stab: Sleeping          |       |     4 |     6 |     1 |     6 ||    17
       Confused          |       |     5 |     4 |    45 |    21 ||    75
       Distracted        |       |       |     2 |       |       ||     2
       Petrified         |       |       |       |    31 |       ||    31
       Held in net/web   |       |       |       |     1 |       ||     1
       Paralysed         |       |       |       |     3 |       ||     3
       Invisible         |       |       |       |     1 |       ||     1
  Eat: Chunk             |     3 |     7 |    15 |    17 |    25 ||    67
       Ration            |       |       |     2 |     7 |     5 ||    14
Armor: Robe              |     7 |     5 |    11 |       |       ||    23
       Steam dragon scal |       |       |    59 |   144 |   105 ||   308
Dodge: Dodged            |    19 |    39 |   201 |   384 |   297 ||   940
       Deflected         |       |       |       |       |     2 ||     2

Table legend:
 A = Non-vault XP
 B = Vault XP
 C = Vault XP percentage of total XP
 D = Non-vault monster count
 E = Vault monster count
 F = Vault count percentage of total count
                 A         B        C        D         E       F
            +---------+---------+-------+---------+---------+-------
      Total |   73459 |   52796 |  41.8 |     494 |     268 |  35.2
            +---------+---------+-------+---------+---------+-------
        D:1 |      35 |       0 |   0.0 |      18 |       0 |   0.0
        D:2 |     139 |      12 |   7.9 |      28 |       7 |  20.0
        D:3 |     152 |      13 |   7.9 |      18 |       1 |   5.3
        D:4 |     306 |     356 |  53.8 |      10 |       3 |  23.1
        D:5 |     696 |       0 |   0.0 |      25 |       0 |   0.0
        D:6 |     938 |     379 |  28.8 |      25 |       1 |   3.8
        D:7 |     748 |     684 |  47.8 |      16 |       2 |  11.1
        D:8 |    1472 |     747 |  33.7 |      35 |       5 |  12.5
        D:9 |    1405 |    2544 |  64.4 |      29 |      25 |  46.3
       D:10 |    1190 |    2369 |  66.6 |      14 |      20 |  58.8
     Lair:1 |    7967 |    3055 |  27.7 |      37 |       7 |  15.9
     Lair:2 |    7711 |    2436 |  24.0 |      32 |      28 |  46.7
     Lair:3 |    5874 |    3462 |  37.1 |      28 |      10 |  26.3
     Lair:4 |    8334 |     566 |   6.4 |      28 |       1 |   3.4
     Lair:5 |    6103 |     169 |   2.7 |      18 |       5 |  21.7
     Lair:6 |    8911 |   13759 |  60.7 |      29 |      38 |  56.7
    Swamp:1 |   11401 |    3541 |  23.7 |      31 |       1 |   3.1
    Swamp:2 |    6273 |       0 |   0.0 |      16 |       0 |   0.0
      Orc:1 |    1803 |    1774 |  49.6 |      38 |       7 |  15.6
      Orc:2 |    2001 |   13931 |  87.4 |      19 |      48 |  71.6
    Ossuary |       0 |     271 | 100.0 |       0 |      16 | 100.0
     Bailey |       0 |    2728 | 100.0 |       0 |      43 | 100.0
            +---------+---------+-------+---------+---------+-------
